Cogmind - Beta 10.2 @@@ ROGUE MODE // 2021.06.06 @ 19:36:38 Player: Finestep Result: Core destroyed Performance ------------- Evolutions (6) 3000 Regions Visited (23) 4600 Robots Destroyed (352) 1760 Value Destroyed (14578) 14578 Prototype IDs (217) 4340 Alien Tech Used (0) 0 Bonus (12435) 12435 TOTAL SCORE: 40713 Bonus ------- High Alert Combat Kills 2553 Follower Combat Kills 3530 Entered Garrisons 800 Used RIF Installer 2000 Network Hubs Disabled 400 Met Data Miner 300 Used Data Conduit 3000 Built Enhanced Grunts 300 A7 Reached Mainframe 300 Met R17 at Cetus 500 Pursued by Intercept 1000 Friendly Fire -2248 Cogmind --------- Core Integrity 0/1150 Matter 145/450 Energy 491/770 System Corruption 25% Temperature Cool (513) Movement Core (1600) Ox31 Location -4/Factory Parts ------- > --- POWER (2) -------- Micro Fission Core > --- PROPULSION (4) --- (None) > --- UTILITY (10) ----- Large Storage Unit High-capacity Storage Unit High-capacity Storage Unit Improved Energy Well Compact Matter Pod Advanced Signal Interpreter Experimental Targeting Computer Improved Hacking Suite Improved Hacking Suite Relay Coupler [Grunt] (20) > --- WEAPON (3) ------- Improved Remote Datajack > --- INVENTORY (26) --- Armored Wheel Armored Wheel Compact Matter Pod (150) Improved Remote Shield Relay Coupler [NC] (32) Relay Coupler [Grunt] (29) Relay Coupler [Brawler] (31) Relay Coupler [Sentry] (19) Relay Coupler [Sentry] (19) Power Sword Peak State ------------ > --- POWER ------------ Micro Fission Core Micro Fission Core > --- PROPULSION ------- Centrium Heavy Treads Centrium Heavy Treads > --- UTILITY ---------- Large Storage Unit High-capacity Storage Unit High-capacity Storage Unit Long-range Sensor Array Advanced Signal Interpreter Centrium Medium Armor Plating Improved Hacking Suite Improved Hacking Suite > --- WEAPON ----------- Improved KE Penetrator Improved KE Penetrator Improved KE Penetrator > --- INVENTORY -------- Centrium Heavy Treads Centrium Heavy Treads Improved Cesium-ion Thruster Improved Cesium-ion Thruster Improved Cesium-ion Thruster Biomechanical Wings Improved Energy Well Advanced Sensor Array Weapon Cycler Centrium Medium Armor Plating Centrium Medium Armor Plating Improved Hacking Suite Relay Coupler [Sentry] Relay Coupler [Sentry] Neutron Cannon Improved KE Penetrator Improved KE Penetrator Long-range Missile Launcher Remote Datajack Remote Datajack Chainsword [Rating: 115] Favorites ----------- Power Micro Fission Core Engine Heavy Deuterium Engine Power Core Micro Fission Core Reactor Light Antimatter Reactor Propulsion Light Treads Treads Light Treads Leg Aluminum Leg Wheel Armored Wheel Flight Unit Improved VTOL Module Utility High-capacity Storage Unit Device Advanced Sensor Array Storage High-capacity Storage Unit Processor Advanced Signal Interpreter Hackware Improved Hacking Suite Protection Centrium Medium Armor Plating Weapon Improved KE Penetrator Energy Gun Medium Laser Energy Cannon Light EM Pulse Cannon Ballistic Gun Improved KE Penetrator Ballistic Cannon Light Cannon Launcher Proton Missile Launcher Special Weapon Improved Remote Datajack Slashing Weapon Power Sword Special Melee Weapon Improved Datajack Build | -11 -10 -10 -10 -9 -8 -8 -8 -8 -7 -7 -7 -7 -6 -6 -6 -6 -6 -6 -5 -5 -5 -5 -4 ------- Run | Scr Mat Min Exi Min Mat Gar Mat Gar Fac Low Low Dat Pro Fac Ext Cet Arc Hub Fac Gar Fac Gar Fac Slots Evolved 12 | . . . . . 4 . . . 2 . . . . 2 . . . . 2 . . . 2 Power 1 | . . . . . . . . . . . . . . . . . . . 1 . . . . Propulsion 2 | . . . . . 1 . . . 1 . . . . . . . . . . . . . . Utility 8 | . . . . . 3 . . . 1 . . . . 1 . . . . 1 . . . 2 Weapon 1 | . . . . . . . . . . . . . . 1 . . . . . . . . . Parts Attached 405 | 8 12 1 2 . 35 17 25 21 32 14 17 10 11 14 17 12 3 9 23 27 25 33 37 Power 23 | 1 1 . . . 2 1 1 1 2 . . . 1 . 1 1 1 . 1 1 4 3 1 Engine 6 | 1 1 . . . . . . . 2 . . . . . 1 . . . . . 1 . . Core 15 | . . . . . 2 1 1 1 . . . . . . . . 1 . 1 1 3 3 1 Reactor 2 | . . . . . . . . . . . . . 1 . . 1 . . . . . . . Propulsion 58 | 3 2 . . . 12 4 5 2 10 . . . 1 3 5 3 . . . 4 . 3 1 Treads 42 | 1 2 . . . 11 . 5 . 7 . . . 1 3 5 3 . . . 2 . 1 1 Leg 5 | 2 . . . . . 3 . . . . . . . . . . . . . . . . . Wheel 9 | . . . . . . 1 . 2 2 . . . . . . . . . . 2 . 2 . Hover . | . . . . . . . . . . . . . . . . . . . . . . . . Flight 2 | . . . . . 1 . . . 1 . . . . . . . . . . . . . . Utility 133 | 2 4 1 2 . 9 3 9 4 10 5 6 7 2 5 5 2 2 2 9 9 8 10 17 Device 48 | . . . . . 3 1 3 1 3 3 3 1 2 2 3 . 2 . 5 4 3 5 4 Storage 20 | 2 4 1 2 . 1 . 2 2 . . 1 2 . . . . . . . 1 . . 2 Processor 5 | . . . . . . . . . 1 1 . 2 . . . . . . . . . . 1 Hackware 30 | . . . . . . 1 1 1 2 1 1 . . 2 . . . 2 3 3 3 3 7 Protection 30 | . . . . . 5 1 3 . 4 . 1 2 . 1 2 2 . . 1 1 2 2 3 Artifact . | . . . . . . . . . . . . . . . . . . . . . . . . Weapon 191 | 2 5 . . . 12 9 10 14 10 9 11 3 7 6 6 6 . 7 13 13 13 17 18 Energy Gun 2 | 1 . . . . . . . . . . . . . . . . . . . . . . 1 Energy Cannon 18 | . . . . . 4 4 . . . . . . . 1 . . . 1 2 1 . 1 4 Ballistic Gun 88 | 1 2 . . . 7 2 6 8 7 4 8 . 5 2 2 4 . 5 5 7 4 5 4 Ballistic Cannon 12 | . 2 . . . . . . . . . . . . . 2 . . . . 1 1 4 2 Launcher 18 | . . . . . . 1 1 2 . 1 1 2 2 . 1 2 . . . . 1 2 2 Special Weapon 26 | . 1 . . . . . . . 1 1 1 . . 1 1 . . 1 3 2 6 3 5 Impact Weapon . | . . . . . . . . . . . . . . . . . . . . . . . . Slashing Weapon 22 | . . . . . 1 1 1 2 2 3 1 1 . 2 . . . . 3 2 1 2 . Piercing Weapon . | . . . . . . . . . . . . . . . . . . . . . . . . Special Melee Weapon 5 | . . . . . . 1 2 2 . . . . . . . . . . . . . . . Unidentified Prototypes 7 | . . . . . 3 . 1 . 2 . . . . . . . . . . . . . 1 Parts Lost 48 | . 1 . . . 1 3 4 3 3 . . . . . . 1 . . 4 8 . . 20 Power 6 | . . . . . . . 1 1 1 . . . . . . . . . . 1 . . 2 Propulsion 7 | . . . . . . . 1 . 1 . . . . . . . . . . 2 . . 3 Utility 14 | . . . . . . 1 2 1 . . . . . . . . . . 2 2 . . 6 Weapon 21 | . 1 . . . 1 2 . 1 1 . . . . . . 1 . . 2 3 . . 9 Highest Loss Streak 18 | . 1 . . . 1 1 1 2 1 . . . . . . 1 . . 1 7 . . 18 Average Slot Usage (%) 96 | . 99 100 100 100 99 98 97 98 99 100 96 99 100 99 100 87 86 85 87 89 93 88 92 Engine 4 | . 14 14 14 14 . . . . 5 7 7 7 5 . 1 1 . . . . 3 . . Core 4 | . . . . . 8 9 8 8 . . . . . . . . 1 6 11 10 6 11 9 Treads 19 | . 13 28 28 28 26 13 22 20 18 30 30 30 30 25 26 14 13 13 11 7 5 9 4 Leg 1 | . 14 . . . . 7 4 . . . . . . . . . . . . . . . . Wheel 2 | . . . . . . 5 . 6 11 . . . . . . . . . . 5 11 3 9 Device 6 | . . . . . 9 8 10 3 9 7 6 2 7 6 6 13 13 8 3 5 2 7 4 Storage 22 | . 28 28 28 28 26 27 27 29 24 23 23 18 23 20 20 20 20 20 17 17 17 17 15 Processor 4 | . . . . . . . . . 5 6 7 11 7 6 6 6 6 6 5 5 5 5 9 Hackware 3 | . . . . . . . . 5 . . . . . 6 5 . . 4 13 8 17 9 15 Protection 5 | . . . . . 8 8 5 4 3 7 7 11 7 5 6 6 6 6 5 7 1 4 5 Energy Cannon 1 | . . . . . 7 11 . . . . . . . . . . . . 1 . . . . Ballistic Gun 10 | . 20 . . . 6 4 17 14 14 14 11 5 8 14 18 16 20 19 13 10 4 5 4 Ballistic Cannon 3 | . 3 28 28 28 2 . . . . . . . . . . 2 . . . 1 5 4 5 Naked Turns . | . . . . . . . . . . . . . . . . . . . . . . . . Heaviest Build 150 | 17 43 59 75 75 100 100 97 97 106 107 110 114 114 118 123 136 124 113 120 128 128 143 150 Greatest Support 160 | 20 40 40 40 40 63 63 63 63 96 96 96 96 96 112 116 160 160 160 160 160 80 160 80 Greatest Overweight (x) 9 | . 2 1 1 1 2 9 3 4 7 1 1 1 1 1 1 1 . . . 5 5 5 6 Average Overweight (x) 1 | . . 1 1 1 1 3 1 2 3 1 1 . 1 . . . . . . 2 2 . 5 Largest Inventory Capacity 32 | 8 16 18 20 20 26 26 26 32 26 26 26 26 26 26 26 26 26 26 26 26 26 26 26 Average Capacity 24 | 6 14 17 18 20 25 26 26 26 26 26 26 21 26 26 26 26 26 26 26 26 26 26 26 Most Carried 26 | 7 16 18 18 20 26 26 26 26 26 26 26 26 26 26 26 26 26 26 26 26 26 26 26 Average Carried 24 | 4 13 17 18 18 25 25 25 25 25 25 25 19 25 25 25 25 25 25 23 25 25 25 23 Final Capacity 26 | 8 16 18 20 20 26 26 26 26 26 26 26 26 26 26 26 26 26 26 26 26 26 26 26 Final Carried 26 | 7 16 18 18 20 26 26 26 26 26 26 26 26 26 26 26 26 26 25 26 25 26 26 10 Class Distribution -------------------- 37% | Hauler-Mutant 19% | Bothacker-Mutant 13% | Mutant 6% | Scavenger-Skirmisher 6% | Botlord-Mutant 5% | Scavenger-Mutant 3% | Hauler-Skirmisher Dominant Class ---------------- Mutant | -10/Materials Mutant | -10/Mines Mutant | -10/Exiles Hauler-Mutant | -9/Mines Hauler-Mutant | -8/Materials Hauler-Mutant | -8/Garrison Hauler-Mutant | -8/Materials Bothacker-Mutant | -8/Garrison Bothacker-Mutant | -7/Factory Hauler-Mutant | -7/Lower Caves Hauler-Mutant | -7/Lower Caves Hauler-Mutant | -7/Data Miner Hauler-Mutant | -6/Proximity Caves Hauler-Mutant | -6/Factory Hauler-Skirmisher | -6/Extension Scavenger-Skirmisher | -6/Cetus Scavenger-Skirmisher | -6/Archives Scavenger-Skirmisher | -6/Hub_04(d) Scavenger-Mutant | -5/Factory Scavenger-Mutant | -5/Garrison Bothacker-Mutant | -5/Factory Botlord-Mutant | -5/Garrison Botlord-Mutant | -4/Factory Resources | -11 -10 -10 -10 -9 -8 -8 -8 -8 -7 -7 -7 -7 -6 -6 -6 -6 -6 -6 -5 -5 -5 -5 -4 ----------- Run | Scr Mat Min Exi Min Mat Gar Mat Gar Fac Low Low Dat Pro Fac Ext Cet Arc Hub Fac Gar Fac Gar Fac Matter Collected 12200 | 314 814 113 . 136 806 192 912 517 989 376 224 180 184 217 899 253 402 418 406 962 1118 853 915 Remotely . | . . . . . . . . . . . . . . . . . . . . . . . . Salvage Created 16782 | 198 799 175 . 191 1520 650 1196 804 1287 343 115 371 267 256 1259 562 385 1264 787 1455 1052 597 1249 Parts 819 | 16 52 15 . 7 82 37 56 35 74 14 9 13 10 12 51 24 26 59 51 50 63 27 36 Haulers Intercepted 23 | . 2 . . . 5 . 2 . 4 . . . . 1 5 . . 2 . . . . 2 Recyclers Shooed 26 | 2 3 . . . 1 . 3 . 2 . . . . 2 . . . . . . 3 . 10 Parts Field Recycled . | . . . . . . . . . . . . . . . . . . . . . . . . Retrieved Matter . | . . . . . . . . . . . . . . . . . . . . . . . . Parts Self-Destructed 13 | . . . . . . . . . . 8 . . 5 . . . . . . . . . . Prevented 14 | . . . . . . . . . . 4 5 . 5 . . . . . . . . . . Kills | -11 -10 -10 -10 -9 -8 -8 -8 -8 -7 -7 -7 -7 -6 -6 -6 -6 -6 -6 -5 -5 -5 -5 -4 ------- Run | Scr Mat Min Exi Min Mat Gar Mat Gar Fac Low Low Dat Pro Fac Ext Cet Arc Hub Fac Gar Fac Gar Fac Combat Hostiles Destroyed 217 | . 11 5 . 5 16 16 10 15 14 5 2 4 4 3 12 9 1 10 17 18 13 13 14 Melee 4 | . . . . . . . . 1 . . . . . . . . . . . 1 . 2 . Guns 111 | . 11 . . . 5 . 10 9 14 2 1 . 2 2 10 1 1 8 11 17 3 2 2 Cannons 46 | . . 5 . 5 10 8 . . . . . . . 1 . . . . 1 . 7 2 7 AOE 45 | . . . . . 1 7 . 5 . 3 1 . 1 . 2 3 . 2 5 . 3 7 5 Classes Destroyed 17 | 3 5 1 . 1 3 . 1 1 . 1 . . . . 1 . . . . . . . . Worker 24 | 2 1 . . . 1 . 1 . 3 . . . . . 1 . . 5 3 . 5 . 2 Builder 17 | . 2 . . . 1 . 1 . . . . . . . 1 . . 5 2 . 3 . 2 Tunneler 6 | 4 . . . . 1 . . . . . . . . . . . . . . . 1 . . Hauler 23 | . 2 . . . 5 . 2 . 4 . . . . 1 5 . . 2 . . . . 2 Recycler 26 | 1 1 2 . 1 4 . 8 . 3 . . . . . . . . 1 . . 2 . 3 Mechanic 3 | . . . . . 1 . . . . . . . . . . . . . . . 1 . 1 Operator 16 | . 2 . . . 1 . . . 1 . . . . . . . 9 1 1 . . . 1 Watcher 11 | . 3 . . . 1 . 1 . 1 . . . . . 2 2 . . . . 1 . . Swarmer 62 | . . 5 . . 1 14 . 7 . 4 1 . . . 3 3 . 1 6 . 4 10 3 Grunt 89 | . 11 . . 4 7 5 7 7 5 1 . . 3 2 3 . . 4 5 12 5 1 7 Brawler 4 | . . . . . . . . 1 . . . . . . . . . . . 2 1 . . Duelist 2 | . . . . 1 . . . . 1 . . . . . . . . . . . . . . Sentry 21 | . . . . . 7 . 1 . 2 . . . . . 5 . 1 3 2 . . . . Hunter 19 | . . . . . 1 . 1 1 2 . 1 . . 1 . 1 . 2 3 2 1 1 2 Programmer 12 | . . . . . . . 1 . 4 . . . 1 . . . . . 1 1 2 1 1 Behemoth 2 | . . . . . . . . . . . . . . . 1 . . . . 1 . . . Cetus Guard 5 | . . . . . . . . . . . . . . . . 5 . . . . . . . Enhanced Grunt 5 | . . . . . . . . . . . . 4 . . . . . 1 . . . . . Tracker 2 | . . . . . . . . . . . . . . . . . . . . . 1 . 1 Combat Programmer 1 | . . . . . . . . . . . . . . . . . . . . . . . 1 Decomposer 1 | . . . . . . . . . . 1 . . . . . . . . . . . . . Samaritan 4 | . . . . . . . . . . 3 1 . . . . . . . . . . . . Thug 1 | . . . . . . . . . . . . . . . 1 . . . . . . . . Best Kill Streak 14 | 5 5 5 . 3 3 4 5 5 5 4 1 5 2 3 3 5 5 14 8 7 5 4 6 Combat Bots Only 7 | . 3 3 . 3 3 4 3 5 4 4 1 4 2 2 3 5 1 3 5 7 3 4 4 Max Kills in Single Turn 7 | 2 1 1 . 1 1 4 1 3 1 1 1 1 1 1 3 2 1 7 6 2 3 4 3 Gunslinging 1 | . . . . . . . . . . . . . . . . . . . . 1 . . . Exploded 4 | . . . . . 1 2 . 3 . 1 1 . 1 . 2 2 . 1 4 . 2 4 2 Melee 1 | . . . . . . . . 1 . . . . . . . . . . . 1 . 1 . Uniques/NPCs Destroyed 1 | . . . . . . . . . . . . 1 . . . . . . . . . . . Data Miner (-7/Data Miner) Combat | -11 -10 -10 -10 -9 -8 -8 -8 -8 -7 -7 -7 -7 -6 -6 -6 -6 -6 -6 -5 -5 -5 -5 -4 -------- Run | Scr Mat Min Exi Min Mat Gar Mat Gar Fac Low Low Dat Pro Fac Ext Cet Arc Hub Fac Gar Fac Gar Fac Damage Taken 18609 | . 349 97 . 339 710 684 1192 764 1449 249 78 143 91 95 693 241 109 1101 1431 1991 663 768 5372 Core 2417 | . 90 9 . 102 67 76 119 53 180 34 18 . 20 . 76 . . 129 37 88 23 49 1247 Absorbed by Shields 857 | . . . . . . . . . . . . . . . 227 82 . . . 289 . 122 137 Reduced by Siege Mode 218 | . . . . . . . . . . . . . . . . . . . 54 4 8 14 138 Core Remaining (%) 63 | 100 . . . 19 . . . 42 . . . . 64 . . . . 75 . . . 80 . Volleys Fired 962 | 19 81 12 . 18 77 26 71 47 108 13 12 3 12 26 60 16 31 37 54 60 53 32 94 Largest 3 | 2 2 2 . 2 2 2 2 2 2 2 2 2 2 3 3 3 3 3 3 3 3 3 3 Hottest 212 | 70 100 70 . 70 112 112 51 53 53 56 56 78 53 90 81 142 91 105 160 122 149 125 212 Shots Fired 1898 | 38 157 24 . 36 151 44 138 89 209 22 17 6 19 54 158 28 93 93 112 119 92 48 151 Gun 1444 | 38 154 . . . 91 . 136 85 206 16 10 . 14 43 147 16 93 89 93 109 43 14 47 Cannon 313 | . 2 24 . 36 60 42 . . . . . . . 4 . 2 . 1 13 4 35 16 74 Launcher 49 | . . . . . . 2 2 4 . 4 4 6 5 . 3 10 . . . . 2 4 3 Special 92 | . 1 . . . . . . . 3 2 3 . . 7 8 . . 3 6 6 12 14 27 Kinetic 1591 | 19 119 24 . 36 109 . 136 85 206 16 10 . 14 43 147 18 93 89 93 111 78 30 115 Thermal 81 | 19 38 . . . . . . . . . . . . 4 . . . 1 13 2 . . 4 Explosive 20 | . . . . . . 2 2 4 . . . . . . 3 . . . . . 2 4 3 Electromagnetic 115 | . . . . . 42 42 . . . 4 4 6 5 . . 10 . . . . . . 2 Robot Hit Streak 39 | 9 10 4 . 6 17 12 27 11 14 11 8 . 8 18 17 17 22 13 25 39 13 11 33 Robot Miss Streak 5 | 4 4 3 . 2 3 2 3 4 5 3 4 . 2 1 3 1 2 4 4 3 4 2 2 Penetration Max 1 | . . . . . 1 . 1 . . . . . . . 1 . . 1 1 1 1 . 1 Secondary Targets 18 | . 3 . . . . . . 2 2 . . . . . 2 . . 3 1 5 . . . Max Gunslinging Chain 1 | . 1 . . . . . . 1 1 . . . . . 1 . . 1 1 1 . . . Shots Hit Robots 1337 | 23 96 10 . 24 108 39 108 66 143 23 11 1 11 44 117 16 69 41 70 90 66 42 119 Core Hits 664 | 8 40 7 . 8 46 26 39 32 51 18 8 3 9 12 45 15 25 64 36 39 49 20 64 Critical Hits 64 | . 3 . . . 2 . 2 1 1 . . . 1 1 . 1 4 3 12 8 6 5 14 Critical Kills 22 | . . . . . 1 . 1 . . . . . . . . 1 3 . 5 3 3 1 4 Critical Parts Destroyed 35 | . 3 . . . . . 1 1 1 . . . 1 1 . . 1 2 7 3 3 3 8 Melee Attacks 95 | . . . . . 7 10 5 14 2 5 1 1 . 7 . . . . 6 14 7 16 . Impact . | . . . . . . . . . . . . . . . . . . . . . . . . Slashing 86 | . . . . . 7 8 1 11 2 5 1 1 . 7 . . . . 6 14 7 16 . Piercing . | . . . . . . . . . . . . . . . . . . . . . . . . Sneak Attacks 20 | . . . . . . 1 1 1 . 5 1 1 . 1 . . . . . . 5 4 . Combat Hostiles 4 | . . . . . . . . . . . . . . . . . . . . . . 4 . Follow-up Attacks . | . . . . . . . . . . . . . . . . . . . . . . . . Damage Inflicted 42838 | 287 1328 184 . 505 2525 1667 2152 2040 2563 994 306 272 488 969 2945 984 1584 3515 2960 3372 3631 2908 4659 Guns 21872 | 287 1312 . . . 1369 . 1998 938 2464 202 86 . 198 791 2733 217 1584 1173 1722 2227 956 220 1395 Cannons 5793 | . 16 170 . 505 845 674 . . . . . . . 40 . 31 . . 246 41 879 285 2061 Explosions 9391 | . . . . . 145 566 115 411 99 228 112 159 290 . 212 736 . 2342 992 . 1014 767 1203 Melee 5692 | . . . . . 166 427 28 691 . 564 108 113 . 138 . . . . . 1067 782 1608 . Ramming 90 | . . 14 . . . . 11 . . . . . . . . . . . . 37 . 28 . Kinetic 25304 | 125 905 170 . 505 1629 . 1998 938 2464 202 86 . 198 791 2733 248 1584 1173 1722 2227 1835 505 3266 Thermal 2146 | 162 423 . . . 145 279 . . 99 . . . . 40 . . . . 845 41 . . 112 Explosive 4402 | . . . . . . 287 115 411 . . . . . . 212 . . . 393 . 1014 767 1203 Electromagnetic 5204 | . . . . . 585 674 . . . 228 112 159 290 . . 736 . 2342 . . . . 78 Impact . | . . . . . . . . . . . . . . . . . . . . . . . . Slashing 5692 | . . . . . 166 427 28 691 . 564 108 113 . 138 . . . . . 1067 782 1608 . Piercing . | . . . . . . . . . . . . . . . . . . . . . . . . Highest Corruption 25 | . . . . . 2 2 2 2 5 5 5 . . . . . . 7 . 8 8 8 25 Average Corruption 3 | . . . . . 1 2 2 2 1 5 3 . . . . . . 1 . 7 8 3 3 Corruption Purged 11 | . . . . . . . . . . . 5 . . . . . . . . . . 6 . Effects 255 | . . . . . 1 15 13 7 21 47 12 . . . . . . . . 38 40 50 11 Message Errors 70 | . . . . . 1 5 3 3 3 12 4 . . . . . . . . 11 11 15 2 Matter Fused 45 | . . . . . . . . . 2 12 3 . . . . . . . . 8 10 9 1 Heat Flow Errors 23 | . . . . . . 2 . 1 2 5 2 . . . . . . . . 3 1 6 1 Energy Discharges 29 | . . . . . . 3 3 2 1 3 2 . . . . . . . . 1 7 7 . Parts Rejected 1 | . . . . . . . . . . . . . . . . . . . . . 1 . . Data Loss (minor) 34 | . . . . . . 2 3 . 7 8 1 . . . . . . . . 2 4 6 1 Data Loss (major) 6 | . . . . . . . . . . 2 . . . . . . . . . 3 1 . . Misfires 5 | . . . . . . . . . . 3 . . . . . . . . . 1 . 1 . Targeting Errors 32 | . . . . . . 2 3 . 4 2 . . . . . . . . . 8 2 6 5 Weapon Failures 10 | . . . . . . 1 1 1 2 . . . . . . . . . . 1 3 . 1 Overload Shots . | . . . . . . . . . . . . . . . . . . . . . . . . Overflow Damage 1645 | . . . . 3 69 41 1 23 59 312 . . . . . . . 108 52 136 438 300 103 Projectiles 172 | . . . . 3 5 8 . . . . . . . . . . . . 5 . 60 . 91 Explosions 482 | . . . . . . 26 1 17 59 4 . . . . . . . 108 47 . 73 135 12 Melee 991 | . . . . . 64 7 . 6 . 308 . . . . . . . . . 136 305 165 . Knockbacks 38 | . . 2 . 4 . . . . . . . . . . . . . . . . 7 2 23 Impact . | . . . . . . . . . . . . . . . . . . . . . . . . Kinetic 37 | . . 2 . 4 . . . . . . . . . . . . . . . . 7 2 22 Secondary 1 | . . . . . . . . . . . . . . . . . . . . . . . 1 Self-Inflicted Damage 557 | . . . . . 43 121 . . . . . . . . . . . 138 . . 155 . 100 Shots 12 | . . . . . 1 4 . . . . . . . . . . . 2 . . 3 . 2 Rammed 7 | . . 1 . . . . 1 . . . . . . . . . . . . 4 . 1 . Targets Rammed 9 | . . 1 . . . . 1 . . . . . . . . . . . . 5 . 2 . Kicked . | . . . . . . . . . . . . . . . . . . . . . . . . Crushed 2 | . . . . . . . . . . . . . . . . . . . . 1 . 1 . Highest Temperature 602 | 81 132 54 . 183 35 197 42 259 165 269 272 18 32 181 202 92 168 105 272 337 290 332 602 Average Temperature 74 | 30 27 19 . 83 19 33 19 39 14 102 115 8 12 81 49 32 63 34 96 77 69 93 159 Received Heat Transfer 3381 | . 219 . . 174 198 180 477 261 231 81 . 18 36 36 165 18 . 81 129 459 54 37 527 Effects 25 | . . . . . . . . . . 1 . . . . . . . . 5 6 . . 13 Shutdowns 5 | . . . . . . . . . . . . . . . . . . . . 1 . . 4 Energy Bleed 2 | . . . . . . . . . . . . . . . . . . . . . . . 2 Interference 11 | . . . . . . . . . . 1 . . . . . . . . 5 4 . . 1 Matter Decay 4 | . . . . . . . . . . . . . . . . . . . . 1 . . 3 Short Circuit 1 | . . . . . . . . . . . . . . . . . . . . . . . 1 Damage (core) 2 | . . . . . . . . . . . . . . . . . . . . . . . 2 Siege Activations 12 | . . . . . . . . . . . . . . . . . . 1 3 1 3 2 2 Total Turns 298 | . . . . . . . . . . . . . . . . . . 6 52 5 144 21 70 Longest Duration 87 | . . . . . . . . . . . . . . . . . . 6 20 5 87 15 35 Robots Corrupted 13 | . . . . . . 1 . . . . . 4 1 . . 5 . 2 . . . . . Combat Hostiles 11 | . . . . . . 1 . . . . . 4 1 . . 5 . . . . . . . Parts Fried 26 | . . . . . 2 3 . . . 1 . 4 1 . 1 3 . 11 . . . . . Impact Corruptions 1 | . . . . . . . . . . . . . . . . . . . . . . . 1 Robots Melted . | . . . . . . . . . . . . . . . . . . . . . . . . Combat Hostiles . | . . . . . . . . . . . . . . . . . . . . . . . . Parts Melted 8 | 3 1 . . . . . . . . . . . . . 1 . . . 1 . 1 . 1 Heat Transferred 2938 | 481 1221 . . . 150 375 . . 50 . . . . 25 . . . . 500 25 . . 111 Parts Sabotaged . | . . . . . . . . . . . . . . . . . . . . . . . . Parts Stolen . | . . . . . . . . . . . . . . . . . . . . . . . . Parts Stripped . | . . . . . . . . . . . . . . . . . . . . . . . . Power Chain Reactions 4 | . . . . . 2 2 . . . . . . . . . . . . . . . . . Missiles Intercepted . | . . . . . . . . . . . . . . . . . . . . . . . . Alert | -11 -10 -10 -10 -9 -8 -8 -8 -8 -7 -7 -7 -7 -6 -6 -6 -6 -6 -6 -5 -5 -5 -5 -4 ------- Run | Scr Mat Min Exi Min Mat Gar Mat Gar Fac Low Low Dat Pro Fac Ext Cet Arc Hub Fac Gar Fac Gar Fac Peak Influence 1907 | 35 194 80 . 140 497 924 510 772 561 . . . . 589 554 806 564 1907 1284 1356 1077 1421 745 Initial 912 | . 22 5 . . 54 323 450 233 405 . . . . 47 288 263 242 197 912 898 711 753 745 Average 504 | 11 93 27 . 94 199 729 398 491 348 . . . . 237 184 536 510 580 768 1171 848 1176 245 Maximum Alert Level 5 | . . . . . 2 3 2 3 2 . . . . 2 2 3 2 5 4 4 3 4 3 Low Security (%) 31 | 100 100 100 . 100 53 . . . . . . . . 63 61 . . 7 . . . . 57 Level 1 19 | . . . . . 44 4 46 41 67 . . . . . 24 17 10 24 . . . . 26 Level 2 18 | . . . . . 1 38 53 43 32 . . . . 36 14 62 89 43 50 . . . 6 Level 3 16 | . . . . . . 57 . 14 . . . . . . . 20 . 10 33 26 100 29 9 Level 4 14 | . . . . . . . . . . . . . . . . . . 11 16 73 . 70 . Level 5 . | . . . . . . . . . . . . . . . . . . 1 . . . . . High Security . | . . . . . . . . . . . . . . . . . . . . . . . . Max Security . | . . . . . . . . . . . . . . . . . . . . . . . . Squads Dispatched 63 | . 5 . . . 2 . 2 . 11 . . . . 3 3 . . 7 6 . 12 . 12 Investigation 14 | . 3 . . . . . 1 . 2 . . . . 1 2 . . 1 2 . 1 . 1 Extermination 11 | . . . . . . . . . 6 . . . . 1 . . . . 1 . 2 . 1 Reinforcement 20 | . 2 . . . 1 . 1 . 3 . . . . 1 1 . . 5 1 . 1 . 4 Assault 3 | . . . . . . . . . . . . . . . . . . . 1 . 1 . 1 Garrison 10 | . . . . . 1 . . . . . . . . . . . . 1 1 . 5 . 2 Intercept 5 | . . . . . . . . . . . . . . . . . . . . . 2 . 3 Construction Impeded 8 | . . . . . . . . . 1 . . . . . 1 . . 3 1 . . . 2 Haulers Reinforced 4 | . . . . . . . . . 1 . . . . 1 . . . . . . 1 . 1 Stealth | -11 -10 -10 -10 -9 -8 -8 -8 -8 -7 -7 -7 -7 -6 -6 -6 -6 -6 -6 -5 -5 -5 -5 -4 --------- Run | Scr Mat Min Exi Min Mat Gar Mat Gar Fac Low Low Dat Pro Fac Ext Cet Arc Hub Fac Gar Fac Gar Fac Distress Signals 20 | . 2 . . . 4 . 3 . 1 . . . . . 1 . . 7 . . . . 2 Communications Jammed 87 | . . . . . . . . . . . . . . . . . . . . . . . 87 Distress Signals 87 | . . . . . . . . . . . . . . . . . . . . . . . 87 Times Spotted 471 | . 26 6 . 5 43 23 22 25 20 5 4 2 8 10 23 13 17 47 34 27 25 26 60 Peak Tracking Total 23 | . 4 3 . 3 4 4 4 5 4 4 1 3 3 3 4 4 1 23 7 9 4 5 13 Tactical Retreats 22 | . 1 1 . . . . 2 7 . . . . 3 . 1 . . 2 3 2 . . . Traps | -11 -10 -10 -10 -9 -8 -8 -8 -8 -7 -7 -7 -7 -6 -6 -6 -6 -6 -6 -5 -5 -5 -5 -4 ------- Run | Scr Mat Min Exi Min Mat Gar Mat Gar Fac Low Low Dat Pro Fac Ext Cet Arc Hub Fac Gar Fac Gar Fac Traps Triggered 28 | . . . . . 2 6 . 2 4 . . 1 . . 1 . . 2 . 7 . 3 . Indirectly 2 | . . . . . . . . . . . . 1 . . . . . 1 . . . . . Trap Hack Attempts . | . . . . . . . . . . . . . . . . . . . . . . . . Triggered . | . . . . . . . . . . . . . . . . . . . . . . . . Disarmed 3 | . 3 . . . . . . . . . . . . . . . . . . . . . . Reprogrammed 12 | . 6 . . . . . . . . . . . . . . . . . . . 6 . . Reused 1 | . 1 . . . . . . . . . . . . . . . . . . . . . . Traps Extracted . | . . . . . . . . . . . . . . . . . . . . . . . . Installed 7 | . . . . . . . . . . . 5 2 . . . . . . . . . . . Triggered 2 | . 1 . . . . . . . . . 1 . . . . . . . . . . . . Machines | -11 -10 -10 -10 -9 -8 -8 -8 -8 -7 -7 -7 -7 -6 -6 -6 -6 -6 -6 -5 -5 -5 -5 -4 ---------- Run | Scr Mat Min Exi Min Mat Gar Mat Gar Fac Low Low Dat Pro Fac Ext Cet Arc Hub Fac Gar Fac Gar Fac Machines Disabled 67 | . . . . . 2 3 . 2 6 . . . . . 1 . 4 21 11 4 4 5 4 Max in Single Turn 10 | . . . . . 1 1 . 1 5 . . . . . 1 . 1 10 8 1 3 1 1 Garrison Access 4 | . . . . . . . . . 1 . . . . . . . . 1 . . 1 . 1 Garrison Relay 12 | . . . . . . 3 . 2 . . . . . . . . . . . 3 . 4 . Network Hub 2 | . . . . . . . . . . . . . . . . . . 2 . . . . . Energy Cycler 1 | . . . . . . . . . . . . . . . 1 . . . . . . . . Machines Sabotaged . | . . . . . . . . . . . . . . . . . . . . . . . . Garrisons Compromised . | . . . . . . . . . . . . . . . . . . . . . . . . Overloaded Fab Kills . | . . . . . . . . . . . . . . . . . . . . . . . . Fab Network Shutdowns 1 | . . . . . . . . . . . . . . 1 . . . . . . . . . Hacking | -11 -10 -10 -10 -9 -8 -8 -8 -8 -7 -7 -7 -7 -6 -6 -6 -6 -6 -6 -5 -5 -5 -5 -4 --------- Run | Scr Mat Min Exi Min Mat Gar Mat Gar Fac Low Low Dat Pro Fac Ext Cet Arc Hub Fac Gar Fac Gar Fac Machines Accessed 80 | . 8 . 1 . 10 . 6 . 8 . . 4 1 7 9 1 . 8 6 . 4 . 7 Terminals 50 | . 5 . . . 7 . 5 . 1 . . . 1 4 9 1 . 7 5 . 2 . 3 Fabricators 7 | . . . . . . . . . 3 . . . . 3 . . . . . . . . 1 Repair Stations 4 | . 1 . . . 1 . . . 1 . . . . . . . . . . . . . 1 Recycling Units 4 | . 2 . . . . . . . 2 . . . . . . . . . . . . . . Scanalyzers 2 | . . . . . 1 . . . . . . . . . . . . . . . . . 1 Garrison Access 8 | . . . . . 1 . 1 . 1 . . . . . . . . 1 1 . 2 . 1 Total Hacks 289 | . 30 . 4 . 27 . 16 . 17 . . 25 1 29 18 1 . 19 34 . 24 . 44 Successful 163 | . 14 . 4 . 14 . 7 . 8 . . 25 1 17 12 1 . 5 12 . 11 . 32 Failed 124 | . 15 . . . 13 . 9 . 9 . . . . 12 6 . . 14 22 . 13 . 11 Catastrophic 27 | . 1 . . . . . 7 . 1 . . . . . . . . 5 9 . 4 . . Database Lockouts 2 | . 1 . . . . . . . . . . . . . . . . . . . . . 1 Manual 155 | . 20 . . . 15 . 13 . 5 . . . . 17 7 1 . 15 23 . 13 . 26 Terminals 185 | . 23 . . . 20 . 14 . 2 . . . 1 17 18 1 . 17 32 . 11 . 29 Fabricators 23 | . . . . . . . . . 9 . . . . 12 . . . . . . . . 2 Repair Stations 10 | . 1 . . . 2 . . . 2 . . . . . . . . . . . . . 5 Recycling Units 9 | . 6 . . . . . . . 3 . . . . . . . . . . . . . . Scanalyzers 6 | . . . . . 1 . . . . . . . . . . . . . . . . . 5 Garrison Access 27 | . . . . . 4 . 2 . 1 . . . . . . . . 2 2 . 13 . 3 Terminal Hacks 89 | . 6 . 4 . 6 . 2 . . . . 25 1 5 10 1 . 2 10 . 3 . 14 Record 16 | . . . 4 . . . . . . . . 11 1 . . . . . . . . . . Part Schematic 17 | . . . . . 1 . . . . . . 6 . 2 1 . . 1 5 . . . 1 Robot Schematic 8 | . . . . . 1 . . . . . . 5 . 1 . . . . 1 . . . . Robot Analysis 2 | . 2 . . . . . . . . . . . . . . . . . . . . . . Prototype ID Bank 5 | . . . . . . . . . . . . 3 . . 1 . . . . . . . 1 Open Door 5 | . . . . . . . . . . . . . . . 4 1 . . . . . . . Level Access Points 1 | . . . . . . . . . . . . . . . . . . . . . . . 1 Branch Access Points 2 | . . . . . 1 . . . . . . . . 1 . . . . . . . . . Terminal Index 1 | . . . . . 1 . . . . . . . . . . . . . . . . . . Alert Level 1 | . . . . . 1 . . . . . . . . . . . . . . . . . . Unreport Threat 11 | . . . . . . . 1 . . . . . . . 2 . . . 3 . 1 . 4 Locate Traps 4 | . 1 . . . . . . . . . . . . . 1 . . . . . . . 2 Disarm Traps 1 | . 1 . . . . . . . . . . . . . . . . . . . . . . Reprogram Traps 2 | . 1 . . . . . . . . . . . . . . . . . . . 1 . . Dispatch Records 1 | . . . . . . . . . . . . . . . . . . . . . . . 1 Recall Reinforcements 2 | . . . . . . . . . . . . . . . . . . . . . . . 2 Hauler Manifests 6 | . 1 . . . . . 1 . . . . . . 1 1 . . . 1 . . . 1 Registered Components 1 | . . . . . 1 . . . . . . . . . . . . . . . . . . Zone Layout 3 | . . . . . . . . . . . . . . . . . . 1 . . 1 . 1 Fabricator Hacks 11 | . . . . . . . . . 4 . . . . 6 . . . . . . . . 1 Load Schematic 5 | . . . . . . . . . 2 . . . . 3 . . . . . . . . . Build 6 | . . . . . . . . . 2 . . . . 3 . . . . . . . . 1 Repair Station Hacks 5 | . . . . . 2 . . . 1 . . . . . . . . . . . . . 2 Scan Component 3 | . . . . . 1 . . . 1 . . . . . . . . . . . . . 1 Repair 2 | . . . . . 1 . . . . . . . . . . . . . . . . . 1 Recycling Unit Hacks 2 | . 1 . . . . . . . 1 . . . . . . . . . . . . . . Retrieve Components 2 | . 1 . . . . . . . 1 . . . . . . . . . . . . . . Scanalyzer 5 | . . . . . . . . . . . . . . . . . . . . . . . 5 Insert Component 1 | . . . . . . . . . . . . . . . . . . . . . . . 1 Analyze 4 | . . . . . . . . . . . . . . . . . . . . . . . 4 Garrison Access Hacks 10 | . . . . . 1 . 1 . 1 . . . . . . . . 2 1 . 3 . 1 Unlock Access 5 | . . . . . 1 . 1 . . . . . . . . . . . 1 . 1 . 1 Seal Access 3 | . . . . . . . . . 1 . . . . . . . . 1 . . 1 . . Coupler Status 2 | . . . . . . . . . . . . . . . . . . 1 . . 1 . . Unauthorized Hacks 41 | . 7 . . . 5 . 4 . 1 . . . . 6 2 . . 1 1 . 5 . 9 Terminals 26 | . 5 . . . 3 . 3 . . . . . . 5 2 . . 1 . . 1 . 6 Track 9 | . 2 . . . 1 . 3 . . . . . . 1 . . . 1 . . . . 1 Assimilate 2 | . . . . . . . . . . . . . . 1 . . . . . . . . 1 Botnet 11 | . 2 . . . 2 . . . . . . . . 2 2 . . . . . . . 3 Operators 4 | . 1 . . . . . . . . . . . . 1 . . . . . . 1 . 1 Fabricators 2 | . . . . . . . . . 1 . . . . 1 . . . . . . . . . Siphon 1 | . . . . . . . . . . . . . . 1 . . . . . . . . . Haulers 1 | . . . . . . . . . 1 . . . . . . . . . . . . . . Repair Stations 1 | . . . . . . . . . . . . . . . . . . . . . . . 1 Mechanics 1 | . . . . . . . . . . . . . . . . . . . . . . . 1 Recycling Units 2 | . 2 . . . . . . . . . . . . . . . . . . . . . . Tunnel 2 | . 2 . . . . . . . . . . . . . . . . . . . . . . Scanalyzers . | . . . . . . . . . . . . . . . . . . . . . . . . Garrison Access 10 | . . . . . 2 . 1 . . . . . . . . . . . 1 . 4 . 2 Restock 2 | . . . . . 1 . 1 . . . . . . . . . . . . . . . . Reprogram 5 | . . . . . 1 . . . . . . . . . . . . . . . 3 . 1 Eject 3 | . . . . . . . . . . . . . . . . . . . 1 . 1 . 1 Data Cores Recovered 2 | . . . . . 1 . . . . . . . . . . . . 1 . . . . . Used . | . . . . . . . . . . . . . . . . . . . . . . . . Hacking Detections 64 | . 7 . . . 10 . 6 . 7 . . . . 7 7 . . 8 6 . 4 . 2 Full Trace Events 5 | . . . . . . . 1 . . . . . . 1 1 . . 1 1 . . . . Feedback Events 1 | . . . . . . . . . . . . . . . . . . 1 . . . . . Corruption 1 | . . . . . . . . . . . . . . . . . . 1 . . . . . Feedback Blocked . | . . . . . . . . . . . . . . . . . . . . . . . . Robot Schematics Acquired 8 | . . . . . 1 . . . . . . 5 . 1 . . . . 1 . . . . Robots Built 4 | . . . . . . . . . 1 . . . . 2 . . . . . . . . 1 Matter 822 | . . . . . . . . . 219 . . . . 252 . . . . . . . . 351 Time 245 | . . . . . . . . . 116 . . . . 67 . . . . . . . . 62 Total Robot Build Rating 18 | . . . . . . . . . 3 . . . . 8 . . . . . . . . 7 Part Schematics Acquired 18 | . . . . . 1 . . . . . . 6 . 2 1 . . 1 5 . . . 2 Parts Built 4 | . . . . . . . . . 2 . . . . 2 . . . . . . . . . Matter 500 | . . . . . . . . . 190 . . . . 310 . . . . . . . . . Time 136 | . . . . . . . . . 47 . . . . 89 . . . . . . . . . Total Part Build Rating 19 | . . . . . . . . . 10 . . . . 9 . . . . . . . . . Parts Repaired 2 | . . . . . 1 . . . . . . . . . . . . . . . . . 1 Time 80 | . . . . . 26 . . . . . . . . . . . . . . . . . 54 Parts Recycled . | . . . . . . . . . . . . . . . . . . . . . . . . Recycled Matter . | . . . . . . . . . . . . . . . . . . . . . . . . Retrieved Matter . | . . . . . . . . . . . . . . . . . . . . . . . . Retrieved Components 18 | . 9 . . . . . . . 9 . . . . . . . . . . . . . . Parts Scanalyzed 1 | . . . . . . . . . . . . . . . . . . . . . . . 1 Part Schematics Acquired 1 | . . . . . . . . . . . . . . . . . . . . . . . 1 Parts Damaged . | . . . . . . . . . . . . . . . . . . . . . . . . Bothacking | -11 -10 -10 -10 -9 -8 -8 -8 -8 -7 -7 -7 -7 -6 -6 -6 -6 -6 -6 -5 -5 -5 -5 -4 ------------ Run | Scr Mat Min Exi Min Mat Gar Mat Gar Fac Low Low Dat Pro Fac Ext Cet Arc Hub Fac Gar Fac Gar Fac Used RIF Installer 4 | . . . . . . 1 . 1 . . . . . . . . . . . 1 . 1 . Command Fork 1 | . . . . . . . . 1 . . . . . . . . . . . . . . . Threat Obfuscator 1 | . . . . . . . . . . . . . . . . . . . . 1 . . . Structural Interface 1 | . . . . . . . . . . . . . . . . . . . . . . 1 . Robots Hacked 42 | . . . . . . 1 1 1 2 2 1 . . 4 . . . 1 3 4 6 6 10 Non-combat 10 | . . . . . . . . . . . 1 . . 4 . . . . . . 3 . 2 Combat 32 | . . . . . . 1 1 1 2 2 . . . . . . . 1 3 4 3 6 8 Robot Hacks Applied 45 | . . . . . . 1 2 1 2 2 1 . . 5 . . . 1 3 4 6 6 11 find_chute 1 | . . . . . . . . . . . . . . 1 . . . . . . . . . drop_inventory 4 | . . . . . . . . . . . . . . 1 . . . . . . 2 . 1 purge_threat 2 | . . . . . . . . . . . . . . . . . . . . . . . 2 map_route 2 | . . . . . . . . . . . . . . 2 . . . . . . . . . find_garrison 1 | . . . . . . . 1 . . . . . . . . . . . . . . . . link_fov 1 | . . . . . . . . . . . . . . 1 . . . . . . . . . spike_heat 1 | . . . . . . . . . . . . . . . . . . . . . . . 1 amplify_resonance 1 | . . . . . . . . . . . . . . . . . . . . . . . 1 reboot_system 2 | . . . . . . . . . . . . . . . . . . . 1 . . 1 . overwrite_iff 5 | . . . . . . . . . 1 . . . . . . . . . . 3 . . 1 streamctrl_high 1 | . . . . . . . . . . . . . . . . . . . . . . . 1 formatsys_low 2 | . . . . . . . . . . . 1 . . . . . . . . . 1 . . formatsys_high 22 | . . . . . . 1 1 1 1 2 . . . . . . . 1 2 1 3 5 4 Relay Couplers Released 66 | . . . . . 3 13 3 7 . . . . . . . . . 2 4 12 2 17 3 Ejected 8 | . . . . . . . . . . . . . . . . . . . 4 . 1 . 3 Machine Destruction 52 | . . . . . . 13 . 7 . . . . . . . . . 2 . 12 1 17 . Programmers 6 | . . . . . 3 . 3 . . . . . . . . . . . . . . . . Attached 26 | . . . . . . 1 1 1 2 1 1 . . 1 . . . 1 2 3 3 3 6 Robots Rewired 8 | . . . . . 1 . . . . . . . . . 7 . . . . . . . . Allies Hacked 3 | . . . . . 1 . . . . . . . . . . . . . 1 . . . 1 Hacks Repelled . | . . . . . . . . . . . . . . . . . . . . . . . . Allies | -11 -10 -10 -10 -9 -8 -8 -8 -8 -7 -7 -7 -7 -6 -6 -6 -6 -6 -6 -5 -5 -5 -5 -4 -------- Run | Scr Mat Min Exi Min Mat Gar Mat Gar Fac Low Low Dat Pro Fac Ext Cet Arc Hub Fac Gar Fac Gar Fac Total Allies 65 | . . . . . 4 1 1 1 3 2 1 . . 3 12 5 . 1 2 5 7 7 10 Largest Group 11 | . . . . . 4 4 1 1 2 2 3 2 . 3 9 9 6 5 2 3 7 7 11 Highest-Rated Group 601 | . . . . . 31 31 21 16 49 32 49 32 . 86 416 601 569 413 98 87 274 335 469 Highest-Rated Ally 156 | . . . . . 16 21 21 16 28 16 17 16 . 38 156 156 156 94 49 49 49 49 49 Total Orders 25 | . . . . . 1 . 1 . 1 . 3 1 . . . 1 2 1 2 . 1 6 5 STAY 13 | . . . . . 1 . 1 . . . . 1 . . . 1 1 1 1 . . 3 3 ROAM 1 | . . . . . . . . . . . 1 . . . . . . . . . . . . FOLLOW 7 | . . . . . . . . . . . 1 . . . . . 1 . 1 . . 3 1 AID 3 | . . . . . . . . . 1 . . . . . . . . . . . 1 . 1 DROP 1 | . . . . . . . . . . . 1 . . . . . . . . . . . . Ally Attacks 543 | . . . . . 32 21 11 5 14 . 18 3 . 10 85 60 19 73 24 16 62 29 61 Total Damage 13874 | . . . . . 278 270 227 29 395 . 198 20 . 669 1448 1058 709 2406 863 188 1718 929 2469 Kills 125 | . . . . . 6 6 2 . 5 . 2 . . 4 16 11 3 20 7 . 16 7 20 Allies Corrupted 3 | . . . . . . . . . . . . . . . . . . 2 . . 1 . . Allies Melted . | . . . . . . . . . . . . . . . . . . . . . . . . Intel | -11 -10 -10 -10 -9 -8 -8 -8 -8 -7 -7 -7 -7 -6 -6 -6 -6 -6 -6 -5 -5 -5 -5 -4 ------- Run | Scr Mat Min Exi Min Mat Gar Mat Gar Fac Low Low Dat Pro Fac Ext Cet Arc Hub Fac Gar Fac Gar Fac Robot Analysis Total 117 | . 2 . . . . . . . . . . 115 . . . . . . . . . . . Derelict Logs Recovered 7 | . . 1 . . . . . . . 3 1 . 2 . . . . . . . . . . Drone Launches . | . . . . . . . . . . . . . . . . . . . . . . . . Drone Recoveries . | . . . . . . . . . . . . . . . . . . . . . . . . Exploration | -11 -10 -10 -10 -9 -8 -8 -8 -8 -7 -7 -7 -7 -6 -6 -6 -6 -6 -6 -5 -5 -5 -5 -4 ------------- Run | Scr Mat Min Exi Min Mat Gar Mat Gar Fac Low Low Dat Pro Fac Ext Cet Arc Hub Fac Gar Fac Gar Fac Turns Passed 28356 | 166 1650 1425 596 280 1995 1181 1015 610 2306 2039 2111 515 1680 792 1608 504 352 720 692 1177 1135 2845 962 Spaces Moved 13518 | 77 824 761 330 125 870 512 384 265 1365 1093 734 257 879 378 823 260 158 327 277 558 489 1361 411 Core 3 | 3 . . . . . . . . . . . . . . . . . . . . . . . Treads 10245 | . 390 761 330 125 870 261 335 142 235 1093 734 257 879 378 823 260 158 327 277 297 178 1130 5 Legs 720 | 74 434 . . . . 163 49 . . . . . . . . . . . . . . . . Wheels 2550 | . . . . . . 88 . 123 1130 . . . . . . . . . . 261 311 231 406 Hover . | . . . . . . . . . . . . . . . . . . . . . . . . Flight . | . . . . . . . . . . . . . . . . . . . . . . . . Fastest Speed 50 | 50 120 180 180 180 180 170 183 120 120 180 180 160 180 160 160 160 160 160 160 130 130 130 140 Average Speed 166 | 117 163 180 180 180 180 197 191 154 138 180 180 173 180 177 166 162 160 160 160 154 148 156 141 Slowest Speed 390 | 120 180 180 180 180 200 390 210 220 180 180 180 180 180 180 180 180 160 160 160 180 180 180 180 Overloaded Moves . | . . . . . . . . . . . . . . . . . . . . . . . . Propulsion Burnouts . | . . . . . . . . . . . . . . . . . . . . . . . . Robots Hopped . | . . . . . . . . . . . . . . . . . . . . . . . . Cave-ins Triggered . | . . . . . . . . . . . . . . . . . . . . . . . . Exploration Rate (%) 57 | 5 98 99 79 37 72 64 29 49 28 95 64 78 83 9 89 69 77 53 10 60 16 99 11 Regions Visited 23 Branch Regions 11 Pre-discovered Areas 26 | . 2 1 1 . . . . . . . . 22 . . . . . . . . . . . Known Exits Taken 13 | . . . . . 1 . 1 . . 1 1 1 1 1 1 1 1 1 1 . 1 . . Unknown Exits Taken 6 | 1 1 1 1 1 . . . . 1 . . . . . . . . . . . . . . Scrap Searched 10 | . . 2 . . . . . . . 1 3 . 4 . . . . . . . . . . Spaces Dug 231 | . 1 . . . 1 . 23 . . . . . . 7 . . . 180 17 1 . . 1 Terrain Destroyed 726 | . 1 . . . 5 4 24 3 18 . . . . 8 34 1 10 396 74 4 52 24 68 Melee 13 | . . . . . 1 . . . . . . . . 5 . . . . 6 1 . . . Projectile 135 | . 1 . . . . . 1 . . . . . . 3 1 1 10 34 30 3 18 4 29 AOE 578 | . . . . . 4 4 23 3 18 . . . . . 33 . . 362 38 . 34 20 39 Terrain Rammed . | . . . . . . . . . . . . . . . . . . . . . . . . Walls Destroyed . | . . . . . . . . . . . . . . . . . . . . . . . . Machines Disabled . | . . . . . . . . . . . . . . . . . . . . . . . . Actions | -11 -10 -10 -10 -9 -8 -8 -8 -8 -7 -7 -7 -7 -6 -6 -6 -6 -6 -6 -5 -5 -5 -5 -4 --------- Run | Scr Mat Min Exi Min Mat Gar Mat Gar Fac Low Low Dat Pro Fac Ext Cet Arc Hub Fac Gar Fac Gar Fac Total 17716 | 111 973 792 333 144 1149 623 535 372 1678 1133 1504 330 957 452 966 328 203 455 419 759 809 2025 666 Wait 2106 | . 17 15 . . 87 15 18 13 114 6 721 9 52 18 17 10 5 78 51 23 208 520 109 Move 13496 | 76 823 760 329 124 869 511 383 264 1364 1092 733 256 878 377 822 259 157 326 276 557 489 1360 411 Hop . | . . . . . . . . . . . . . . . . . . . . . . . . Pick Up 242 | 7 22 2 . 2 34 8 13 4 19 2 4 27 1 5 3 11 3 2 8 24 11 22 8 Fast Attach 103 | 7 1 . . . 11 5 9 4 14 1 8 5 2 3 4 5 1 1 . 7 4 8 3 Attach 90 | 1 4 . . . 10 4 5 3 5 . 1 3 . 4 1 2 1 3 5 9 2 8 19 Detach 4 | 1 . . . . . . . . . . . . . . 1 . . . . . 1 . 1 Swap 212 | . 7 1 2 . 14 8 11 14 13 13 8 2 9 7 12 5 1 5 18 11 19 17 15 Drop 278 | . 18 1 2 . 35 11 19 5 31 1 11 22 3 5 13 20 4 3 1 21 15 31 6 Fire 962 | 19 81 12 . 18 77 26 71 47 108 13 12 3 12 26 60 16 31 37 54 60 53 32 94 Melee 95 | . . . . . 7 10 5 14 2 5 1 1 . 7 . . . . 6 14 7 16 . Ram . | . . . . . . . . . . . . . . . . . . . . . . . . Kick . | . . . . . . . . . . . . . . . . . . . . . . . . Crush 9 | . . 1 . . . . 1 . . . . . . . . . . . . 5 . 2 . Escape Stasis 73 | . . . . . . 25 . 4 8 . . . . . . . . . . 28 . 8 . Rewire 39 | . . . . . 5 . . . . . . . . . 33 . . . . . . 1 . Trap 7 | . . . . . . . . . . . 5 2 . . . . . . . . . . . Miscellaneous . | . . . . . . . . . . . . . . . . . . . . . . . . Route ------- -11/Scrapyard -10/Materials (discovered 4 exits: [*Mat x3] / [*Min]) -10/Mines (discovered 3 exits: [*Mat x2] / *Exi) -10/Exiles (discovered 2 exits: [*Min x2]) -9/Mines -8/Materials (discovered 2 exits: *Fac / Gar) -8/Garrison (discovered 2 exits: *Mat x2) -8/Materials -8/Garrison -7/Factory -7/Lower Caves -7/Lower Caves -7/Data Miner -6/Proximity Caves -6/Factory (discovered 6 exits: Fac x2 / Low x2 / *Ext x2) -6/Extension (discovered 3 exits: *Fac x2 / *Cet) -6/Cetus (discovered 2 exits: *Fac / *Arc) -6/Archives (discovered 2 exits: *Hub x2) -6/Hub_04(d) (discovered 3 exits: *Fac x3) -5/Factory -5/Garrison (discovered 2 exits: *Fac x2) -5/Factory -5/Garrison (discovered 3 exits: *Fac x3) -4/Factory (discovered 4 exits: Res x4) History --------- Turn | Location | Event 10 | -11/Scrapyard | Discovered new exit (range 16) 167 | -11/Scrapyard | Entered Materials 300 | -10/Materials | Build established: Mutant 472 | -10/Materials | Discovered new exit (range 12) 484 | -10/Materials | Central database locked down 773 | -10/Materials | Discovered new exit (range 16) 858 | -10/Materials | Discovered new exit (range 16) 1218 | -10/Materials | Discovered new exit (range 16) 1817 | -10/Materials | Entered Mines 1847 | -10/Mines | Met a Derelict bent on vengeance 1964 | -10/Mines | Discovered new exit (range 10) 2218 | -10/Mines | Learned location of Storage (-9) 2470 | -10/Mines | Discovered new exit (range 5) 2943 | -10/Mines | Deemed a non-threat by the Exiles lab entrance 2943 | -10/Mines | Discovered new exit (range 5) 3242 | -10/Mines | Entered Exiles 3269 | -10/Exiles | Discovered new exit (range 15) 3304 | -10/Exiles | Met 8R-AWN 3331 | -10/Exiles | Met EX-HEX 3399 | -10/Exiles | Met EX-DEC 3458 | -10/Exiles | Visited The Gauntlet 3728 | -10/Exiles | Learned location of Zion (-6) 3811 | -10/Exiles | Discovered new exit (range 14) 3838 | -10/Exiles | Entered Mines 3841 | -9/Mines | Core integrity fell below 50% 3971 | -9/Mines | Build established: Hauler-Mutant 3998 | -9/Mines | Received a Rocket Launcher from a helpful Derelict 4006 | -9/Mines | A weapon hastily lodged in a ceiling crevice suddenly fell to the ground 4056 | -9/Mines | Core integrity fell below 20% 4091 | -9/Mines | Discovered new exit (range 8) 4118 | -9/Mines | Entered Materials 4118 | -8/Materials | Evolved 4 slots: Propulsion x1, Utility x3 5446 | -8/Materials | Repaired Lgt. Treads 5914 | -8/Materials | Discovered new exit (range 4) 6000 | -8/Materials | Identified exit to Garrison 6077 | -8/Materials | Garrison activated, responded to threat 6113 | -8/Materials | Entered Garrison 6113 | -8/Garrison | Accompanied by 4 allies 6122 | -8/Garrison | Installed Relay Interface Framework 6198 | -8/Garrison | Triggered checkpoint 6270 | -8/Garrison | Garrison Relay disabled 6370 | -8/Garrison | Triggered checkpoint 6452 | -8/Garrison | Discovered new exit (range 10) 6474 | -8/Garrison | Triggered checkpoint 6505 | -8/Garrison | Garrison Relay disabled 6612 | -8/Garrison | Triggered checkpoint 6702 | -8/Garrison | Discovered new exit (range 12) 6746 | -8/Garrison | Triggered checkpoint 6781 | -8/Garrison | Garrison Relay disabled 6804 | -8/Garrison | Triggered checkpoint 6868 | -8/Garrison | Triggered checkpoint 7294 | -8/Garrison | Entered Materials 7294 | -8/Materials | Accompanied by 1 ally 7432 | -8/Materials | Build established: Bothacker-Mutant 8117 | -8/Materials | Build established: Hauler-Mutant 8279 | -8/Materials | Identified exit to Garrison 8309 | -8/Materials | Entered Garrison 8319 | -8/Garrison | Expanded RIF knowledge: Command Fork 8414 | -8/Garrison | Triggered checkpoint 8456 | -8/Garrison | Garrison Relay disabled 8556 | -8/Garrison | Triggered checkpoint 8593 | -8/Garrison | Build established: Bothacker-Mutant 8614 | -8/Garrison | Triggered checkpoint 8656 | -8/Garrison | Triggered checkpoint 8750 | -8/Garrison | Triggered checkpoint 8801 | -8/Garrison | Core integrity fell below 50% 8830 | -8/Garrison | Garrison Relay disabled 8894 | -8/Garrison | Discovered new exit (range 13) 8919 | -8/Garrison | Entered Factory 8919 | -7/Factory | Evolved 2 slots: Propulsion x1, Utility x1 9057 | -7/Factory | Build established: Hauler-Mutant 9082 | -7/Factory | Discovered new exit (range 15) 9901 | -7/Factory | Fabricated M-28 Smith? 10031 | -7/Factory | Build established: Bothacker-Mutant 10520 | -7/Factory | Fabricated Lgt. Fission Core (x2) 11225 | -7/Factory | Entered Lower Caves 11562 | -7/Lower Caves | Encountered a Warlord checkpoint 11728 | -7/Lower Caves | Discovered new exit (range 12) 11746 | -7/Lower Caves | Identified exit to Lower Caves 11796 | -7/Lower Caves | Learned Factory trap positions 11804 | -7/Lower Caves | Learned Factory terminal intel 12306 | -7/Lower Caves | Build established: Hauler-Mutant 13264 | -7/Lower Caves | Entered another Lower Caves area 13264 | -7/Lower Caves | Accompanied by 2 allies 13282 | -7/Lower Caves | Learned Factory garrison access intel 14526 | -7/Lower Caves | Discovered new exit (range 10) 14623 | -7/Lower Caves | Identified exit to Data Miner 15375 | -7/Lower Caves | Entered Data Miner 15375 | -7/Data Miner | Accompanied by 2 allies 15375 | -7/Data Miner | Discovered new exit (range 6) 15410 | -7/Data Miner | Met Data Miner 15480 | -7/Data Miner | Learned location of Section 7 (-2) 15480 | -7/Data Miner | Acquired the access code to Warlord's prototype stash 15514 | -7/Data Miner | Received God Mode back door access code from Data Miner 15601 | -7/Data Miner | Destroyed Data Miner 15604 | -7/Data Miner | Interfaced with the Data Conduit 15889 | -7/Data Miner | Identified exit to Proximity Caves 15890 | -7/Data Miner | Entered Proximity Caves 16018 | -6/Proximity Caves | Learned 12 Factory zone layouts 16540 | -6/Proximity Caves | Identified exit to Factory 17570 | -6/Proximity Caves | Entered Factory 17570 | -6/Factory | Evolved 2 slots: Utility x1, Weapon x1 17571 | -6/Factory | Identified exit to Factory 17571 | -6/Factory | Identified exit to Extension 17572 | -6/Factory | Loaded intel: 111 trap records 17573 | -6/Factory | Loaded intel: 238 machine locations 17574 | -6/Factory | Loaded intel: 22 terminal locations 17575 | -6/Factory | Loaded intel: 4 garrison access locations 17583 | -6/Factory | Identified exit to Lower Caves 17838 | -6/Factory | Fabricated Lrn. Sensor Array? 17908 | -6/Factory | Fabricated Imp. Hacking Suite (x1) 17921 | -6/Factory | Discovered exit to Factory (range 123) 18054 | -6/Factory | Fabricated P-60 Hacker? 18076 | -6/Factory | Local fabrication network quarantined 18362 | -6/Factory | Entered Extension 18362 | -6/Extension | Accompanied by 3 allies 18363 | -6/Extension | Loaded intel: 28 machine locations 18512 | -6/Extension | Rescued a captive Derelict 18657 | -6/Extension | Build established: Hauler-Skirmisher 18738 | -6/Extension | Rescued A7 18762 | -6/Extension | Rescued a captive Derelict 18775 | -6/Extension | Spotted B-75 Beast 18783 | -6/Extension | Spotted B-75 Beast 18801 | -6/Extension | Destroyed B-75 Beast 18810 | -6/Extension | Allies destroyed B-75 Beast 18940 | -6/Extension | Rescued a captive Derelict 18941 | -6/Extension | Rescued a captive Derelict 19012 | -6/Extension | Disrupted transfer network 19095 | -6/Extension | Warlord forces began an assault 19346 | -6/Extension | Energy Cycler disabled 19346 | -6/Extension | Rescued a captive Derelict 19434 | -6/Extension | Discovered exit to Factory (range 15) 19606 | -6/Extension | Build established: Scavenger-Skirmisher 19938 | -6/Extension | Discovered exit to Factory (range 10) 19940 | -6/Extension | Discovered new exit (range 6) 19964 | -6/Extension | Identified exit to Cetus 19970 | -6/Extension | Entered Cetus 19970 | -6/Cetus | Accompanied by 9 allies (A7) 19971 | -6/Cetus | Loaded intel: 24 machine locations 19975 | -6/Cetus | Acquired a Cetus Manufacturing Module code from A7 20003 | -6/Cetus | Spotted Cetus Guard 20003 | -6/Cetus | Spotted Cetus Guard 20005 | -6/Cetus | Spotted Cetus Guard 20011 | -6/Cetus | Spotted Cetus Guard 20015 | -6/Cetus | Allies destroyed Cetus Guard 20017 | -6/Cetus | Destroyed Cetus Guard 20017 | -6/Cetus | Destroyed Cetus Guard 20017 | -6/Cetus | Allies destroyed Cetus Guard 20149 | -6/Cetus | Started Cetus Manufacturing Module 20159 | -6/Cetus | Escorted A7 to Cetus Mainframe 20174 | -6/Cetus | Manufactured an Enhanced Grunt 20181 | -6/Cetus | Discovered new exit (range 15) 20199 | -6/Cetus | Manufactured an Enhanced Grunt 20216 | -6/Cetus | Spotted Cetus Guard 20216 | -6/Cetus | Spotted Cetus Guard 20220 | -6/Cetus | Allies destroyed Cetus Guard 20220 | -6/Cetus | Spotted Cetus Guard 20220 | -6/Cetus | Spotted Cetus Guard 20224 | -6/Cetus | Manufactured an Enhanced Grunt 20226 | -6/Cetus | Destroyed Cetus Guard 20226 | -6/Cetus | Destroyed Cetus Guard 20229 | -6/Cetus | Destroyed Cetus Guard 20248 | -6/Cetus | Discovered exit to Factory (range 15) 20249 | -6/Cetus | Manufactured an Enhanced Grunt 20256 | -6/Cetus | Met Revision 17 20274 | -6/Cetus | Manufactured an Enhanced Grunt 20463 | -6/Cetus | Identified exit to Archives 20474 | -6/Cetus | Entered Archives 20474 | -6/Archives | Accompanied by 6 allies (A7) 20475 | -6/Archives | Loaded intel: 8 machine locations 20479 | -6/Archives | Received a hacking code to weaken MAIN.C 20622 | -6/Archives | Discovered new exit (range 15) 20666 | -6/Archives | Discovered new exit (range 16) 20819 | -6/Archives | Identified exit to Hub_04(d) 20826 | -6/Archives | Entered Hub_04(d) 20826 | -6/Hub_04(d) | Accompanied by 5 allies 20827 | -6/Hub_04(d) | Loaded intel: 73 machine locations 20891 | -6/Hub_04(d) | Discovered exit to Factory (range 14) 21320 | -6/Hub_04(d) | Discovered exit to Factory (range 10) 21471 | -6/Hub_04(d) | Discovered exit to Factory (range 16) 21528 | -6/Hub_04(d) | Network Hub disabled 21528 | -6/Hub_04(d) | Garrison activated, responded to threat 21532 | -6/Hub_04(d) | Spotted B-75 Beast 21532 | -6/Hub_04(d) | Spotted Lightning 21533 | -6/Hub_04(d) | Network Hub disabled 21533 | -6/Hub_04(d) | Spotted Lightning 21533 | -6/Hub_04(d) | Spotted Lightning 21533 | -6/Hub_04(d) | Spotted Lightning 21533 | -6/Hub_04(d) | Spotted Lightning 21533 | -6/Hub_04(d) | Spotted Lightning 21533 | -6/Hub_04(d) | Spotted Lightning 21533 | -6/Hub_04(d) | Spotted Lightning 21533 | -6/Hub_04(d) | Spotted Lightning 21533 | -6/Hub_04(d) | Spotted Lightning 21535 | -6/Hub_04(d) | Spotted Lightning 21535 | -6/Hub_04(d) | Spotted Lightning 21546 | -6/Hub_04(d) | Entered Factory 21546 | -5/Factory | Evolved 2 slots: Power x1, Utility x1 21547 | -5/Factory | Loaded intel: 237 machine locations 22146 | -5/Factory | First assault squad dispatched 22168 | -5/Factory | Garrison activated, responded to threat 22221 | -5/Factory | Identified exit to Garrison 22238 | -5/Factory | Entered Garrison 22239 | -5/Garrison | Loaded intel: 20 machine locations 22270 | -5/Garrison | Triggered checkpoint 22305 | -5/Garrison | Garrison Relay disabled 22379 | -5/Garrison | Spotted B-75 Beast 22430 | -5/Garrison | Destroyed B-75 Beast 22538 | -5/Garrison | Triggered checkpoint 22540 | -5/Garrison | Triggered checkpoint 22599 | -5/Garrison | Build established: Scavenger-Mutant 22618 | -5/Garrison | Lost 7 parts (1p2n2u2w) 22631 | -5/Garrison | Destroyed 7 combat bots 22726 | -5/Garrison | Triggered checkpoint 22938 | -5/Garrison | Discovered new exit (range 14) 22956 | -5/Garrison | Identified exit to Factory 22964 | -5/Garrison | Expanded RIF knowledge: Threat Obfuscation 23022 | -5/Garrison | Triggered checkpoint 23106 | -5/Garrison | Garrison Relay disabled 23257 | -5/Garrison | Triggered checkpoint 23288 | -5/Garrison | Garrison Relay disabled 23384 | -5/Garrison | Discovered exit to Factory (range 14) 23415 | -5/Garrison | Entered Factory 23415 | -5/Factory | Accompanied by 1 ally 23416 | -5/Factory | Loaded intel: 206 machine locations 23554 | -5/Factory | Garrison activated, responded to threat 23817 | -5/Factory | Build established: Bothacker-Mutant 24232 | -5/Factory | Intercept squad dispatched 24241 | -5/Factory | Spotted Tracker 24254 | -5/Factory | Destroyed Tracker 24269 | -5/Factory | Spotted Combat Programmer 24279 | -5/Factory | Allies destroyed Combat Programmer 24315 | -5/Factory | First assault squad dispatched 24338 | -5/Factory | Found Exp. Targeting Computer 24494 | -5/Factory | Garrison activated, responded to threat 24549 | -5/Factory | Identified exit to Garrison 24550 | -5/Factory | Entered Garrison 24550 | -5/Garrison | Accompanied by 1 ally 24551 | -5/Garrison | Loaded intel: 17 machine locations 24600 | -5/Garrison | Triggered checkpoint 24620 | -5/Garrison | Garrison Relay disabled 25282 | -5/Garrison | Triggered checkpoint 25326 | -5/Garrison | Triggered checkpoint 25380 | -5/Garrison | Triggered checkpoint 25499 | -5/Garrison | Discovered new exit (range 11) 25556 | -5/Garrison | Triggered checkpoint 25622 | -5/Garrison | Discovered new exit (range 14) 25642 | -5/Garrison | Identified exit to Factory 25652 | -5/Garrison | Expanded RIF knowledge: Structural Interface 25802 | -5/Garrison | Triggered checkpoint 25841 | -5/Garrison | Garrison Relay disabled 26182 | -5/Garrison | Discovered exit to Factory (range 13) 26316 | -5/Garrison | Triggered checkpoint 26375 | -5/Garrison | Garrison Relay disabled 26429 | -5/Garrison | Build established: Botlord-Mutant 26598 | -5/Garrison | Triggered checkpoint 26639 | -5/Garrison | Garrison Relay disabled 27395 | -5/Garrison | Entered Factory 27395 | -4/Factory | Accompanied by 7 allies 27395 | -4/Factory | Evolved 2 slots: Utility x2 27396 | -4/Factory | Loaded intel: 224 machine locations 27494 | -4/Factory | Central database locked down 27602 | -4/Factory | Repaired Centrium Medium Armor Plating 27658 | -4/Factory | Identified exit to Research 27713 | -4/Factory | Fabricated M-36 Artificer? 28068 | -4/Factory | Garrison activated, responded to threat 28162 | -4/Factory | Identified exit to Garrison 28216 | -4/Factory | Intercept squad dispatched 28224 | -4/Factory | Spotted Tracker 28225 | -4/Factory | Spotted Tracker 28227 | -4/Factory | Allies destroyed Tracker 28236 | -4/Factory | Destroyed Tracker 28284 | -4/Factory | Spotted Combat Programmer 28284 | -4/Factory | Spotted Combat Programmer 28319 | -4/Factory | System corruption reached 10% 28333 | -4/Factory | Destroyed Combat Programmer 28341 | -4/Factory | Core integrity fell below 50% 28353 | -4/Factory | Core integrity fell below 20% 28358 | -4/Factory | Core destroyed Last Messages --------------- 28354_ The unstable cave ceiling collapses. 28354_ U-05 Engineer builds a Wall. 28354_ Destroyed Backup Laser VII. 28354_ Penetrated by EMDS Slug. 28354_ U-05 Engineer builds a Wall. 28355_ Overheating: Matter decay (-27). 28355_ U-05 Engineer lays Concrete. 28355_ Penetrated by Slug. 28356_ Power failure, Mic. Fission Core shutdown. 28356_ Hvy. Phase Cannon destroyed. 28356_ K-01 Serf collects debris. 28356_ U-05 Engineer lays Concrete. 28356_ Combat Programmer resets H-77 Assassin, system corruption cleaned. 28357_ U-05 Engineer lays Concrete. 28357_ Jacked G-67 Veteran... >>amplify_resonance Unable to locate active power source. 28357_ K-01 Serf collects debris. 28357_ U-05 Engineer lays Concrete. 28358_ Overheating: Core damaged (-195). Map ----- +----------------------------------------------------+ | %%% %%#???????????R"?????????????????????? | | ######### #??????????"""?????????????????????? | | #???????# #??????????""??????????????????????? | | /##########?# #??????????????????????????????????? | | #?#%##?????????????????????????????????? | | #?# ##?"""""""""?????????"""?"""???????? | | #?# #????????????????????"""?"""???????? | | #?# #??"""""""""?????????"""?"""???????? | | #?# #??????????????????????????????????? | | #?# #?????????????????????????????????o? | | #?# #??????????????????????????????????? | | #?# #????"""?"""???????????????????????? | | #?# #????"""?"""???????????????????????? | | #?# #????"""?"""???????????????????????? | | #?# #??????????????????????????????????? | | #?# #??????????????????????????????????? | | ###########?# #??????????????????????????????????? | | ?##?????????# #?????????????##?????"""?"""???????? | | ????????????# #???????????## #?????"""?"""???????? | | ????????????# #??????????? #?????"""?"""??????"" | | ????????????# #????#?##?## ????????????????????? | | ????????????# #??### #### #??????"""?"""???????? | | ????????????# #??# # ???????"""?"""???????? | | ###### #####!#### # !%u###??##??"""?"""???????? | | # =%! [[ = !=*= ==* g%u###/ ## ???????????? | | + % !!% %![[ % %u[%%@%u% + ????????? | | " =!%**%!!! %!%%gggu### ##???????????????? | | ###+## #/##########k=% up=###????????????????????? | | ?????????????????# kk##kh ???????????????????? | | ???"?"?"????###### #u# ! ??????????????????? | | ???"?"?"????#! =![=#=### ?????????????????? | | ???"?"?"????# =! #*### ????????????????? | | ???"?"?"????#! [ #[########+#???????????????? | | ???"?"?"????# ! + ^^ ?????????? | | ???"?"?"????# """ " # ############?????????????? | | ???"?"?"????+ """ "G" # ##???????????????????????? | | ???"?"?"????# """ """ # #????????????????????????? | | ???"?"?"????# # #????????????????????????? | | ????????????###########+#????????????????????????? | | ?????????????????????? ????????????????????????? | | ??????????????????????"""""??????????????????????? | | ??????????m???????????"""""??????????????????????? | | ??????????????????????"""????????????????????????? | | ?????????????????????? ????????????????????????? | | ??????????????????????"""""??????????????????????? | | ??????????????????????"""""??????????????????????? | | ??????????????????????"""????????????????????????? | | ?????????????????????????????????????????????????? | | ??????????????????????"""""??????????????????????? | | ??????????????????????"""""??????????????????????? | +----------------------------------------------------+ Best States ------------- Heat Dissipation 72 Energy Generation 32 Energy Capacity 770 Matter Stores 500 Matter Capacity 500 Sight Range 22 Robot Scan Range 20 Terrain Scan Density 10 Jamming Range 16 Armor Coverage 900 Resistance: KI 20 Resistance: EM 15 Weapon Shielding 33 Weapon Cycling 15 Evasion (%) 40 Targeting Accuracy 12 Melee Accuracy 12 Recoil Reduction 4 Kinecelleration 40 Offensive Hacking 24 Relay Coupler Types 51 Relay Coupler Value 3 Item Schematics ----------------- Adv. Sensor Array | -8/Materials | Hacked Exp. Terrain Scan Processor | -7/Data Miner | Free Triangulator | -7/Data Miner | Free Cmb. Gravmag System | -7/Data Miner | Free Exp. Flexi-carbon Leg | -7/Data Miner | Free Lgt. Regenerative Plating | -7/Data Miner | Free Combat Drone Bay | -7/Data Miner | Free Imp. Hacking Suite | -6/Factory | Hacked Lrn. Sensor Array | -6/Factory | Hacked Hyp. Coil Gun | -6/Extension | Hacked Rnf. Antimatter Reactor | -6/Hub_04(d) | Hacked Exp. Sensor Array | -5/Factory | Hacked Nuclear Pulse Array | -5/Factory | Hacked Hrd. Heavy Armor Plating | -5/Factory | Hacked Lrg. Storage Unit | -5/Factory | Hacked Hcp. Storage Unit | -5/Factory | Hacked Adv. Armor Integrity Analyzer | -4/Factory | Hacked Centrium Heavy Treads | -4/Factory | Scanalyzed Robot Schematics ------------------ M-28 Smith | -8/Materials | Hacked I-36 Angel | -7/Data Miner | Free L-41 Fighter | -7/Data Miner | Free I-47 Archangel | -7/Data Miner | Free G-50 Soldier | -7/Data Miner | Free S-27 Virus | -7/Data Miner | Free P-60 Hacker | -6/Factory | Hacked P-70 Sage | -5/Factory | Hacked Fabricated ------------ M-28 Smith | x1 | -7/Factory Lgt. Fission Core | x2 | -7/Factory | Preloaded Lrn. Sensor Array | x1 | -6/Factory Imp. Hacking Suite | x1 | -6/Factory P-60 Hacker | x2 | -6/Factory M-36 Artificer | x1 | -4/Factory | Preloaded Alien Tech Used ----------------- None Achievements -------------- None Challenges ------------ None Game ------ Seed GuidedRefineryRipper Manual? 0 Play Time 03:17:54 Cumulative 556.4 hours Start 2021.06.06 @ 15:09:09 End 2021.06.06 @ 19:36:38 Sessions 3 Manual Loads 0 Difficulty Rogue Special Mode None Game No. 349 Rogue 349 Adventurer 0 Explorer 0 Win Type - Total 6 Types 4/0/1/0/1/0/0/0/0 Lore% 88 Gallery% 89 Achievement% 70 Wizard Run 0 Options --------- ASCII 0 Keyboard 0 Movement Mouse Keybinds 1 Fullscreen 2 Font 24/Smallcaps Map View 76x50 Tactical HUD 1 Map Filters NONE Filters NONE Steam X RUN: a5fce90b-4205-4a03-ada3-c18552c0ed5b